 Dungeon Sprint DCSS version 0.29-a0-352-g0917bc69df (webtiles) character file.

Game seed: 6332244011248829145

753 mhtbhm the Cleaver (level 7, -6/115 HPs)
             Began as a Minotaur Berserker on Apr 24, 2022.
             Was a High Priest of Trog.
             Mangled by a snapping turtle (18 damage)
             ... in the Dungeon (Sprint VII: "The Pits").
             The game lasted 00:01:22 (841 turns).

mhtbhm the Cleaver (Minotaur Berserker)              Turns: 841, Time: 00:01:22

Health: -6/115     AC: 13    Str: 23    XL:     7   Next: 49%
Magic:  6/6        EV: 10    Int:  4    God:    Trog [*****.]
Gold:   0          SH:  0    Dex: 10    Spells: 6/6 levels left

rFire   . . .      SeeInvis .   a - +1 hand axe (freeze)
rCold   . . .      Faith    .   (no shield)
rNeg    . . .      Spirit   .   b - +3 chain mail
rPois   .          Reflect  .   (helmet restricted)
rElec   .          Harm     .   (no cloak)
rCorr   .          Rampage  .   (no gloves)
Will    .....      NoTele   +   (no boots)
Stlth   ..........              (no amulet)
HPRegen 0.29/turn               (no ring)
MPRegen 0.10/turn               (no ring)

@: berserking, very quick
A: horns 2, retaliatory headbutt
a: Renounce Religion, Berserk, Trog's Hand, Brothers in Arms


You were in the Dungeon.
You worshipped Trog.
Trog was extremely pleased with you.
You visited 1 branch

Inventory:

Hand Weapons
 a - a +1 hand axe of freezing (weapon)
Missiles
 k - 8 poisoned darts (quivered)
Armour
 b - a +3 chain mail (worn)
Scrolls
 h - a scroll of blinking
 i - a scroll of summoning
Potions
 c - 2 potions of invisibility
 d - 5 potions of heal wounds
 e - a potion of haste
 f - 4 potions of magic
 g - 3 potions of berserk rage
 j - 5 potions of curing


   Skills:
 + Level 12.2 Fighting
 + Level 12.2 Axes
 + Level 7.1 Armour
 + Level 7.3 Dodging
 + Level 2.3 Stealth


You had 6 spell levels left.
You didn't know any spells.
Your spell library was empty.

Dungeon Overview and Level Annotations

Branches:
Dungeon (1/1)

Altars:
Cheibriados
Dithmenos
Elyvilon
Fedhas
Gozag
Hepliaklqana
Makhleb
Nemelex Xobeh
Okawaru
Qazlal
Ru
Sif Muna
Trog
Wu Jian
Xom
Yredelemnul
Zin
The Shining One
Jiyva


Innate Abilities, Weirdness & Mutations

You have a pair of horns on your head.
You reflexively headbutt those who attack you in melee.


Message History

You hit the white imp.
You are engulfed in a cloud of scalding steam.
Unknown command.
You slash the snapping turtle!
The snapping turtle seems to slow down.
You freeze the snapping turtle.
The snapping turtle is heavily wounded.
You hit the white imp.
You kill the white imp!
Trog accepts your kill.
Unknown command.
You hit the snapping turtle but do no damage.
The snapping turtle is heavily wounded.
You slash the smoke demon! You freeze the smoke demon.
The snapping turtle bites you!!
* * * LOW HITPOINT WARNING * * *
Unknown command.
You hit the snapping turtle but do no damage.
The snapping turtle is heavily wounded.
You hit the smoke demon. You freeze the smoke demon.
The smoke demon closely misses you. You furiously retaliate!
You headbutt the smoke demon! The smoke demon completely misses you.
The smoke demon hits you.
* * * LOW HITPOINT WARNING * * *
Unknown command.
Unknown command.
You hit the snapping turtle. You freeze the snapping turtle.
The snapping turtle is heavily wounded.
You hit the smoke demon. You freeze the smoke demon.
Unknown command.
You hit the snapping turtle.
The snapping turtle seems to slow down.
You freeze the snapping turtle.
The snapping turtle is severely wounded.
You slash the smoke demon! You freeze the smoke demon.
You kill the smoke demon!
Trog accepts your kill. Trog grants you a weapon!
Something appears at your feet!
You see here a +6 great sword of flaming.
The snapping turtle bites you!!
You die...

#.##)#..#'###...<...#
#.#.)......##.......#
#.#........##.......#
#'###########.......#
#.))....#.. #########
#))#.#..#.######
#)##.##.#)#....#
#.......#'#....#
#.##.##.#.@t...+
#..#.#..#+#....#
#.......†.#....#
################


You could see a snapping turtle (slow).

Vanquished Creatures
  A smoke demon (D)
  An acid dragon (D)
  A floating eye (D)
  A centaur (D)
  A gnoll sergeant (D)
  3 scorpions (D)
  An iron imp (D)
  An orc wizard (D)
  4 gnolls (D)
  2 white imps (D)
  An adder skeleton (D)
  A worm (D)
  2 orcs (D)
  A bat skeleton (D)
  A giant cockroach (D)
  A quokka (D)
  A ball python (D)
  A kobold (D)
  A rat (D)
26 creatures vanquished.

Vanquished Creatures (collateral kills)
  A kobold brigand (D)
  Terence (D)
  2 gnolls (D)
  An orc (D)
5 creatures vanquished.

Grand Total: 31 creatures vanquished

Notes
Turn   | Place    | Note
-------+----------+-------------------------------------------
     0 | D        | mhtbhm the Minotaur Berserker began the quest for the Orb.
     0 | D        | Reached XP level 1. HP: 19/19 MP: 0/0
    11 | D        | Noticed a scorpion
    23 | D        | Killed a scorpion
    24 | D        | Reached XP level 2. HP: 31/31 MP: 1/1
    24 | D        | Reached XP level 3. HP: 38/38 MP: 2/2
    72 | D        | Found a bloodstained altar of Trog.
    72 | D        | Found a shimmering blue altar of Sif Muna.
    72 | D        | Found a viscous altar of Jiyva.
    72 | D        | Found a hazy altar of Hepliaklqana.
    72 | D        | Found an opulent altar of Gozag.
   203 | D        | Noticed a scorpion
   207 | D        | Killed a scorpion
   207 | D        | Reached ** piety under Trog
   208 | D        | Reached XP level 4. HP: 37/48 MP: 3/3
   276 | D        | Noticed a scorpion
   284 | D        | Killed a scorpion
   285 | D        | Reached skill level 5 in Dodging
   285 | D        | Reached XP level 5. HP: 43/56 MP: 4/4
   375 | D        | Reached *** piety under Trog
   379 | D        | Noticed a floating eye
   382 | D        | Killed a floating eye
   383 | D        | Reached skill level 10 in Fighting
   383 | D        | Reached skill level 5 in Armour
   383 | D        | Reached skill level 1 in Stealth
   383 | D        | Reached XP level 6. HP: 61/66 MP: 5/5
   440 | D        | Found a glowing golden altar of the Shining One.
   440 | D        | Found a glowing silver altar of Zin.
   440 | D        | Found a basalt altar of Yredelemnul.
   440 | D        | Found a shimmering altar of Xom.
   440 | D        | Found an ornate altar of the Wu Jian Council.
   440 | D        | Found a sacrificial altar of Ru.
   440 | D        | Found a stormy altar of Qazlal.
   440 | D        | Found an iron altar of Okawaru.
   440 | D        | Found a sparkling altar of Nemelex Xobeh.
   440 | D        | Found a burning altar of Makhleb.
   440 | D        | Found a blossoming altar of Fedhas.
   440 | D        | Found a white marble altar of Elyvilon.
   440 | D        | Found a shadowy altar of Dithmenos.
   440 | D        | Found a snail-covered altar of Cheibriados.
   467 | D        | Reached **** piety under Trog
   471 | D        | Noticed Terence
   479 | D        | Reached skill level 10 in Axes
   498 | D        | Killed Terence
   499 | D        | Reached XP level 7. HP: 36/74 MP: 6/6
   499 | D        | Reached ***** piety under Trog
   831 | D        | Noticed a smoke demon
   831 | D        | Noticed a snapping turtle
   841 | D        | Killed a smoke demon
   841 | D        | Received a gift from Trog
   841 | D        | Mangled by a snapping turtle

Illustrated notes

Levels and vault maps discovered:
D:        pitsprint [storerooms_1, entrance_room_1, metal_vault_2, armoury_2,
          mini_pit_1, grid_room_1, main_hall_1, silver_pit, the_coven_1,
          the_vestibule_1, steel_vault_4, golden_pit, hallway_of_sentries,
          crystal_vault_1, iron_vault_2, final_vault]

Skill      XL: |  1  2  3  4  5  6  7 |
---------------+----------------------+-----
Fighting       | 6 7 8 10 11 12 | 12.2
Axes           | 6 7 8 9 11 12 | 12.2
Armour         | 3 4 5 6 7 |  7.1
Dodging        | 3 4 5 6 7 |  7.3
Stealth        | 1 2 |  2.3

Action                   |  1- 3 |  4- 6 |  7- 9 || total
-------------------------+-------+-------+-------++-------
Melee: Hand axe          |    12 |    41 |    33 ||    86
       Headbutt          |     2 |     9 |     4 ||    15
Invok: Berserk           |     1 |     1 |     1 ||     3
       Brothers in Arms  |       |     1 |       ||     1
  Use: Potion            |     1 |     1 |       ||     2
 Stab: Distracted        |       |     1 |       ||     1
Armor: Animal skin       |     1 |     5 |       ||     6
       Chain mail        |       |    27 |    17 ||    44
Dodge: Dodged            |    12 |    30 |    14 ||    56

Table legend: (Time is in decaauts)
 A = Elapsed time spent in this place.
 B = Non-inter-level travel time spent in this place.
 C = Inter-level travel time spent in this place.
 D = Time resting spent in this place.
 E = Time spent auto-exploring this place.
 F = Levels seen in this place.
 G = Mean time per level.
                   A        B        C        D        E       F      G
               +--------+--------+--------+--------+--------+-----+--------+
         Total |    847 |    847 |      0 |    559 |     19 |   1 |  847.0 |
       Dungeon |    847 |    847 |      0 |    559 |     19 |   1 |  847.0 |
               +--------+--------+--------+--------+--------+-----+--------+

Top non-repeatable levels by time:
       D: 847 daAuts
